 Dungeon Crawl Stone Soup version 0.22.0-27-ga576289 (webtiles) character file.

3685 iamserjio the Grappler (level 9, -5/83 HPs)
             Began as a Troll Fighter on Aug 22, 2018.
             Was an Elder of Cheibriados.
             Slain by a killer bee (6 damage)
             ... on level 9 of the Dungeon.
             The game lasted 00:17:58 (2260 turns).

iamserjio the Grappler (Troll Fighter)              Turns: 2260, Time: 00:17:59

Health: -5/83      AC:  5    Str: 35    XL:     9   Next: 90%
Magic:  8/8        EV: 10    Int: 16    God:    Cheibriados [****..]
Gold:   160        SH: 12    Dex: 18    Spells: 8/8 levels left

rFire    . . .     SeeInvis .     - Unarmed
rCold    + . .     Gourm    +   b - +0 shield
rNeg     . . .     Faith    .   a - +0 robe
rPois    .         Spirit   .   (helmet restricted)
rElec    .         Reflect  .   (no cloak)
rCorr    .         Harm     .   (gloves unavailable)
MR       .....                  (boots unavailable)
Stlth    ++........             z - amulet of magic regeneration
HPRegen  0.63/turn              q - ring of protection from cold
MPRegen  0.36/turn              (no ring)

@: lethally poisoned (-5 -> -6), very slow
A: large, unfitting armour, claws 3, fast metabolism 3, gourmand, regeneration
1, shaggy fur 1, tough skin 2
a: Bend Time, Temporal Distortion, Slouch, Renounce Religion


You were on level 9 of the Dungeon.
You worshipped Cheibriados.
Cheibriados was greatly pleased with you.
You were full.

You visited 2 branches of the dungeon, and saw 10 of its levels.
You also visited: Ossuary.

You collected 248 gold pieces.
You spent 88 gold pieces at shops.

Inventory:

Hand Weapons
 f - a +2 short sword of electrocution
Armour
 a - a +0 robe (worn)
 b - a +0 shield (worn)
Jewellery
 n - an uncursed amulet of rage
 q - a ring of protection from cold (left claw)
 z - an amulet of magic regeneration (around neck)
Wands
 c - a wand of acid (1)
 e - a wand of flame (22)
 j - a wand of enslavement (1)
 p - a wand of iceblast (11)
Scrolls
 h - a scroll of fog {unknown}
 i - 2 scrolls of fear
 l - 2 scrolls of remove curse {@r2}
 m - 3 scrolls of teleportation
 o - a scroll of magic mapping
 r - 2 scrolls of enchant armour
 s - a scroll of immolation
 v - a scroll of amnesia {unknown}
 y - a scroll of noise {unknown}
Potions
 g - a potion of haste
 k - 4 potions of mutation
 t - a potion of flight {unknown}
 u - a potion of brilliance {unknown}
 w - a potion of berserk rage
Comestibles
 d - 14 rations


   Skills:
 + Level 3.5 Fighting
 - Level 2.4 Dodging
 + Level 7.1 Shields
 * Level 11.2 Unarmed Combat
 + Level 0.6 Invocations
 - Level 1.0 Evocations


You had 8 spell levels left.
You didn't know any spells.
Your spell library was empty.

Dungeon Overview and Level Annotations

Branches:
Dungeon (9/15)             Temple (1/1) D:6            Lair (0/6) D:8
    Orc: D:9-12

Altars:
Ashenzari
Cheibriados
Dithmenos
Elyvilon
Fedhas
Gozag
Hepliaklqana
Kikubaaqudgha
Makhleb
Okawaru
Qazlal
Sif Muna
Trog
Wu Jian
Xom
Yredelemnul

Shops:
D:4 *   D:5 =   D:6 (

Annotations:
D:5 1 runed door, Monsterracer's ghost, amateur GrAK
D:8 Psyche
D:9 1 runed door


Innate Abilities, Weirdness & Mutations

You are too large for most types of armour.
You have claws for hands.
Your metabolism is lightning-fast.
You like to eat raw meat.
Your natural rate of healing is unusually fast.
You are covered in fur. (AC +1)
You have very tough skin. (AC +2)


Message History

* * * LOW HITPOINT WARNING * * *
The killer bee stings you.
* * * LOW HITPOINT WARNING * * *
You are lethally poisoned!
The killer bee poisons you! The killer bee stings you.
* * * LOW HITPOINT WARNING * * *
You are more poisoned.
The killer bee poisons you! The centaur closely misses you.
The killer bee stings you!
* * * LOW HITPOINT WARNING * * *
You feel better. The killer bee stings you.
* * * LOW HITPOINT WARNING * * *
You are poisoned.
The killer bee poisons you! The killer bee closely misses you. x2
The centaur barely misses you. The killer bee barely misses you.
The killer bee stings you!
* * * LOW HITPOINT WARNING * * *
You are more poisoned.
The killer bee poisons you! The killer bee stings you.
You die...

#.#### ##%####
+.. #.....# #.#
####.....## #.#
#.........#####.#
#.##............#
# #............#
#.........cy.#
#.........@y.#
.............y.#
.##............#
# #......<.....#
#.........(..#
#######.######
#.# #.# ..#


You could see a centaur and 3 killer bees.

Vanquished Creatures
  A hippogriff (D:9)
  Sigmund (D:5)
  3 orc warriors
  5 yaks (D:9)
  Menkaure (D:6)
  A hungry ghost (D:8)
  2 porcupines (D:8)
  A phantom (D:5)
  4 ogres
  A centaur (D:6)
  2 bullfrogs
  A killer bee (D:9)
  A scorpion (D:8)
  2 crimson imps
  A jelly (D:7)
  A bullfrog skeleton (D:9)
  4 hounds
  3 human zombies (D:7)
  4 orc priests
  3 orc wizards (D:7)
  3 human skeletons (D:7)
  2 iguanas (D:5)
  5 worker ants
  3 big kobold zombies (Ossuary)
  2 hound skeletons
  A mummy (Ossuary)
  A worker ant zombie (D:6)
  5 gnolls
  5 adders
  3 shadow imps
  2 worms (D:3)
  A leopard gecko (D:4)
  13 orcs
  2 spectral bats (Ossuary)
  2 giant cockroaches
  4 gnoll zombies (Ossuary)
  6 goblins
  4 hobgoblins
  5 jackals
  2 quokkas
  A bat (D:3)
  A frilled lizard (D:3)
  A giant cockroach zombie (D:5)
  2 goblin zombies (Ossuary)
  3 hobgoblin zombies (Ossuary)
  3 kobolds
  4 kobold zombies (Ossuary)
  A leopard gecko zombie (D:8)
  2 orc skeletons (D:7)
  9 orc zombies
  4 rats
  4 spectral goblins (Ossuary)
  2 spectral kobolds (Ossuary)
  3 spectral rats (Ossuary)
153 creatures vanquished.

Vanquished Creatures (collateral kills)
  An ice beast (D:7)
  A gnoll (D:6)
  2 orcs (D:7)
4 creatures vanquished.

Vanquished Creatures (others)
  An orc priest (D:6)
  A gnoll (D:8)
  An orc (D:8)
3 creatures vanquished.

Grand Total: 160 creatures vanquished

Notes
Turn   | Place    | Note
-------+----------+-------------------------------------------
     0 | D:1      | iamserjio the Troll Fighter began the quest for the Orb.
     0 | D:1      | Reached XP level 1. HP: 22/22 MP: 0/0
    73 | D:2      | Reached XP level 2. HP: 29/29 MP: 1/1
   174 | D:5      | Entered Level 5 of the Dungeon
   179 | D:5      | Found Vaeca's Jewellery Emporium.
   206 | D:5      | Reached skill level 3 in Unarmed Combat
   206 | D:5      | Reached XP level 3. HP: 23/36 MP: 2/2
   235 | D:5      | Noticed a phantom
   237 | D:5      | Noticed Sigmund
   249 | D:5      | Killed Sigmund
   249 | D:5      | Reached skill level 4 in Unarmed Combat
   249 | D:5      | Reached XP level 4. HP: 22/44 MP: 3/3
   249 | D:5      | Reached XP level 5. HP: 25/50 MP: 4/4
   272 | D:5      | Killed a phantom
   272 | D:5      | Reached skill level 5 in Unarmed Combat
   272 | D:5      | Reached XP level 6. HP: 37/59 MP: 5/5
   282 | D:5      | Found a stormy altar of Qazlal.
   294 | D:5      | Noticed a water elemental
   294 | D:5      | Noticed an air elemental
   294 | D:5      | Noticed a fire elemental
   311 | D:5      | Found a hazy altar of Hepliaklqana.
   429 | D:5      | Found a runed door.
   429 | D:5      | Noticed a five-headed hydra
   429 | D:5      | Noticed Monsterracer's ghost (amateur GrAK)
   475 | D:4      | Found Umagezul's General Store.
   484 | D:4      | Bought a potion of mutation for 88 gold pieces
   582 | D:4      | Reached skill level 6 in Unarmed Combat
   821 | D:3      | Reached XP level 7. HP: 48/66 MP: 6/6
  1011 | D:6      | Found a staircase to the Ecumenical Temple.
  1021 | Temple   | Entered the Ecumenical Temple
  1032 | Temple   | Became a worshipper of Cheibriados the Contemplative
  1078 | D:6      | Found Lisiuxkoudd's Antique Weapon Emporium.
  1170 | D:6      | Reached skill level 7 in Unarmed Combat
  1187 | D:6      | HP: 2/66 [centaur (3)]
  1239 | D:6      | Noticed Menkaure
  1242 | D:6      | Reached skill level 5 in Shields
  1258 | D:6      | Found a shimmering altar of Xom.
  1266 | D:6      | Killed Menkaure
  1266 | D:6      | Reached skill level 8 in Unarmed Combat
  1266 | D:6      | Reached XP level 8. HP: 52/74 MP: 7/7
  1275 | D:6      | Found a blossoming altar of Fedhas.
  1275 | D:6      | Found a burning altar of Makhleb.
  1280 | D:6      | Reached * piety under Cheibriados
  1293 | D:6      | Found a shattered altar of Ashenzari.
  1430 | D:7      | Reached skill level 9 in Unarmed Combat
  1537 | D:7      | HP: 1/74 [orc/mace (5)]
  1545 | D:7      | HP: 3/74 [orc/short sword (6)]
  1615 | D:7      | Reached ** piety under Cheibriados
  1641 | D:7      | Found a sand-covered staircase.
  1652 | Ossuary  | Entered an ossuary
  1830 | Ossuary  | Reached *** piety under Cheibriados
  1833 | Ossuary  | Reached XP level 9. HP: 78/80 MP: 8/8
  1961 | D:8      | Reached skill level 10 in Unarmed Combat
  1980 | D:8      | Found a staircase to the Lair.
  2077 | D:8      | Reached **** piety under Cheibriados
  2093 | D:8      | Noticed Psyche
  2189 | D:9      | Reached skill level 11 in Unarmed Combat
  2249 | D:9      | Found a runed gate.
  2254 | D:9      | Reached skill level 1 in Evocations
  2259 | D:9      | HP: 2/83 [killer bee (7)]
  2260 | D:9      | Slain by a killer bee

Skill      XL: |  1  2  3  4  5  6  7  8  9 |
---------------+----------------------------+-----
Unarmed Combat | 3 4 5 6 8 9 11 | 11.2
Shields        | 3 4 5 6 7 |  7.1
Fighting       | 3 |  3.5
Evocations     | 1 |  1.0
Dodging        | |  2.4
Invocations    | |  0.6

Action                   |  1- 3 |  4- 6 |  7- 9 || total
-------------------------+-------+-------+-------++-------
Melee: Unarmed           |    47 |    74 |   350 ||   471
Evoke: Wand              |       |       |    10 ||    10
  Use: Potion            |     1 |       |     4 ||     5
       Scroll            |       |       |     8 ||     8
  Eat: Chunk             |     1 |     8 |    16 ||    25
Armor: Robe              |     7 |    14 |    63 ||    84
Dodge: Dodged            |    10 |    20 |   112 ||   142
Block: Shield            |    18 |    24 |   187 ||   229
